Workbook
Name Print_Area: 'Cronograma Estúdio de Gravações'!$A$1:$I$50
Name Print_Area: 'Orçamento Estúdio de Gravações'!$A$1:$M$184
Name Print_Titles: 'Orçamento Estúdio de Gravações'!$1:$15

Sheet Orçamento Estúdio de Gravações
A1: INCLUIR LOGOTIPO DA EMPRESA
A6: DADOS DA EMPRESA
A7: DADOS DA EMPRESA
A8: DADOS DA EMPRESA
A9: Planilha de Orçamento - GLOBAL
A11: Obra: Estúdio de Gravações da Reitoria – Reformas e Adaptações | F11: Endereço: Rua Gonçalves Chaves, 3218
A12: Cliente: Instituto Federal Sul-Rio-Grandense - Reitoria | F12: Cidade: Pelotas - RS | J12: BDI = | K12: xx% | L12: 42992
A13: Item/Descrição | B13: Qtd. | C13: Un | D13: Mão-de-Obra | F13: Material | H13: Custo Unit. Total | I13: Custo Direto | J13: BDI | L13: Sub-Total do Item | M13: Total do Item
D14: Custo Unitário | E14: Custo Parcial | F14: Custo Unitário | G14: Custo Parcial | J14: Valor | K14: %
A16: 2. SERVIÇOS PRELIMINARES / TÉCNICOS | M16: =SUM(L17:L27) -> #VALUE!
A17: 2. 8. DEMOLIÇÕES E REMOÇÕES
A18: 2. 8. 2. DEMOLIÇÃO DE ALVENARIA DE TIJOLOS
A19: .1 DEMOLIÇÃO DE ALVENARIA DE TIJOLOS | B19: 0.32 | C19: M3 | E19: =D19*B19 -> 0 | G19: =F19*B19 -> 0 | H19: =+D19+F19 -> 0 | I19: =E19+G19 -> 0 | J19: =(K19/100)*I19 -> #VALUE! | K19: =$K$12 -> xx% | L19: =I19+J19 -> #VALUE!
A20: 2. 8. 3. REMOÇÃO DE ESQUADRIAS DE ALUMÍNIO
A21: .1 RETIRADA DE ESQUADRIAS | B21: 2 | C21: M2 | E21: =D21*B21 -> 0 | G21: =F21*B21 -> 0 | H21: =+D21+F21 -> 0 | I21: =E21+G21 -> 0 | J21: =(K21/100)*I21 -> #VALUE! | K21: =$K$12 -> xx% | L21: =I21+J21 -> #VALUE!
A22: 2. 8. 4. REMOÇÃO DE INSTALAÇÕES ELÉTRICAS
A23: .1 REMOÇÃO DE INTERRUPTORES E TOMADAS, INCL. CX. | B23: 8 | C23: UN | E23: =D23*B23 -> 0 | G23: =F23*B23 -> 0 | H23: =+D23+F23 -> 0 | I23: =E23+G23 -> 0 | J23: =(K23/100)*I23 -> #VALUE! | K23: =$K$12 -> xx% | L23: =I23+J23 -> #VALUE!
A24: .2 REMOÇÃO DE LUMINÁRIAS | B24: 20 | C24: UN | E24: =D24*B24 -> 0 | G24: =F24*B24 -> 0 | H24: =+D24+F24 -> 0 | I24: =E24+G24 -> 0 | J24: =(K24/100)*I24 -> #VALUE! | K24: =$K$12 -> xx% | L24: =I24+J24 -> #VALUE!
A25: .3 REINSTALAÇÃO DE LUMINÁRIAS | B25: 17 | C25: UN | E25: =D25*B25 -> 0 | G25: =F25*B25 -> 0 | H25: =+D25+F25 -> 0 | I25: =E25+G25 -> 0 | J25: =(K25/100)*I25 -> #VALUE! | K25: =$K$12 -> xx% | L25: =I25+J25 -> #VALUE!
A26: 2. 8.38. REMOÇÃO DE INSTALAÇÕES LÓGICAS/TELEFÔNICAS
A27: .1 REMOÇÃO DE TOMADAS, INCL. CX. E CABOS | B27: 1 | C27: UN | E27: =D27*B27 -> 0 | G27: =F27*B27 -> 0 | H27: =+D27+F27 -> 0 | I27: =E27+G27 -> 0 | J27: =(K27/100)*I27 -> #VALUE! | K27: =$K$12 -> xx% | L27: =I27+J27 -> #VALUE!
A28: 6. SUPERESTRUTURA | M28: =SUM(L29:L31) -> #VALUE!
A29: 6. 1. ESTRUTURA DE CONCRETO
A30: 6. 1. 5. VERGA
A31: .1 VERGA EM CONCRETO PRÉ-MOLDADO - COM TRASPASSE 20cm (com esperas das armaduras para engastar no pilar) | B31: 1.4 | C31: M | E31: =D31*B31 -> 0 | G31: =F31*B31 -> 0 | H31: =+D31+F31 -> 0 | I31: =E31+G31 -> 0 | J31: =(K31/100)*I31 -> #VALUE! | K31: =$K$12 -> xx% | L31: =I31+J31 -> #VALUE!
A32: 7. ALVENARIA / VEDAÇÃO / DIVISÓRIA | M32: =SUM(L33:L36) -> #VALUE!
A33: 7. 2. DIVISÓRIAS
A34: 7. 2. 2. DIVISÓRIA COM PAINÉIS DE GESSO
A35: .1 PAREDE DE GESSO ACARTONADO 10cm C/ ISOLAMENTO EM LÃ DE ROCHA | B35: 85.02 | C35: M2 | E35: =D35*B35 -> 0 | G35: =F35*B35 -> 0 | H35: =+D35+F35 -> 0 | I35: =E35+G35 -> 0 | J35: =(K35/100)*I35 -> #VALUE! | K35: =$K$12 -> xx% | L35: =I35+J35 -> #VALUE!
A36: .2 PAREDE DE GESSO ACARTONADO 20cm C/ ISOLAMENTO EM LÃ DE ROCHA | B36: 19.92 | C36: M2 | E36: =D36*B36 -> 0 | G36: =F36*B36 -> 0 | H36: =+D36+F36 -> 0 | I36: =E36+G36 -> 0 | J36: =(K36/100)*I36 -> #VALUE! | K36: =$K$12 -> xx% | L36: =I36+J36 -> #VALUE!
A37: 8. ESQUADRIAS | M37: =SUM(L38:L42) -> #VALUE!
A38: 8. 9. ESQUADRIAS ACÚSTICAS
A39: 8. 9. 1. PORTA ACÚSTICA
A40: .1 PORTA ACÚSTICA 0,80X2,10 - LINHA PROFISSIONAL - 50dB | B40: 1 | C40: UN | E40: =D40*B40 -> 0 | G40: =F40*B40 -> 0 | H40: =+D40+F40 -> 0 | I40: =E40+G40 -> 0 | J40: =(K40/100)*I40 -> #VALUE! | K40: =$K$12 -> xx% | L40: =I40+J40 -> #VALUE!
A41: 8. 9. 2. JANELA ACÚSTICA
A42: .1 VISOR ACÚSTICO - 2,50x1,35m | B42: 1 | C42: UN | E42: =D42*B42 -> 0 | G42: =F42*B42 -> 0 | H42: =+D42+F42 -> 0 | I42: =E42+G42 -> 0 | J42: =(K42/100)*I42 -> #VALUE! | K42: =$K$12 -> xx% | L42: =I42+J42 -> #VALUE!
A43: 10. INSTALAÇÕES ELÉTRICAS | M43: =SUM(L44:L88) -> #VALUE!
A44: 10. 1. INSTALAÇÕES DE BAIXA TENSÃO
A45: 10. 1. 2. INTERRUPTORES, TOMADAS E ACESSÓRIOS
A46: .1 INTERRUPTOR EMBUTIR SIMPLES-INCLUSIVE CAIXA 2X4" P/ GESSO | B46: 1 | C46: UN | E46: =D46*B46 -> 0 | G46: =F46*B46 -> 0 | H46: =+D46+F46 -> 0 | I46: =E46+G46 -> 0 | J46: =(K46/100)*I46 -> #VALUE! | K46: =$K$12 -> xx% | L46: =I46+J46 -> #VALUE!
A47: .2 INTERRUPTOR EMBUTIR DUPLO-INCLUSIVE CAIXA 2X4" P/ GESSO | B47: 1 | C47: UN | E47: =D47*B47 -> 0 | G47: =F47*B47 -> 0 | H47: =+D47+F47 -> 0 | I47: =E47+G47 -> 0 | J47: =(K47/100)*I47 -> #VALUE! | K47: =$K$12 -> xx% | L47: =I47+J47 -> #VALUE!
A48: .3 TOMADA EMBUTIR SIMPLES-INCLUSIVE CAIXA 2X4" P/ GESSO | B48: 4 | C48: UN | E48: =D48*B48 -> 0 | G48: =F48*B48 -> 0 | H48: =+D48+F48 -> 0 | I48: =E48+G48 -> 0 | J48: =(K48/100)*I48 -> #VALUE! | K48: =$K$12 -> xx% | L48: =I48+J48 -> #VALUE!
A49: .4 TOMADA EMBUTIR DUPLA-INCLUSIVE CAIXA 2X4" P/ GESSO | B49: 10 | C49: UN | E49: =D49*B49 -> 0 | G49: =F49*B49 -> 0 | H49: =+D49+F49 -> 0 | I49: =E49+G49 -> 0 | J49: =(K49/100)*I49 -> #VALUE! | K49: =$K$12 -> xx% | L49: =I49+J49 -> #VALUE!
A50: 10. 1. 3. CONDUTORES
A51: .1 CABO ISOLADO FLEXIVEL 1.5MM2 (14AWG) | B51: 600 | C51: M | E51: =D51*B51 -> 0 | G51: =F51*B51 -> 0 | H51: =+D51+F51 -> 0 | I51: =E51+G51 -> 0 | J51: =(K51/100)*I51 -> #VALUE! | K51: =$K$12 -> xx% | L51: =I51+J51 -> #VALUE!
A52: .2 CABO ISOLADO FLEXIVEL 2.5mm2 (12AWG) | B52: 170 | C52: M | E52: =D52*B52 -> 0 | G52: =F52*B52 -> 0 | H52: =+D52+F52 -> 0 | I52: =E52+G52 -> 0 | J52: =(K52/100)*I52 -> #VALUE! | K52: =$K$12 -> xx% | L52: =I52+J52 -> #VALUE!
A53: .3 CABO ISOLADO FLEXIVEL 4.0MM2 (10AWG) | B53: 145 | C53: M | E53: =D53*B53 -> 0 | G53: =F53*B53 -> 0 | H53: =+D53+F53 -> 0 | I53: =E53+G53 -> 0 | J53: =(K53/100)*I53 -> #VALUE! | K53: =$K$12 -> xx% | L53: =I53+J53 -> #VALUE!
A54: 10. 1. 4. ELETRODUTOS E ACESSÓRIOS
A55: .1 ELETRODUTO CORRUGADO 3/4" | B55: 21 | C55: M | E55: =D55*B55 -> 0 | G55: =F55*B55 -> 0 | H55: =+D55+F55 -> 0 | I55: =E55+G55 -> 0 | J55: =(K55/100)*I55 -> #VALUE! | K55: =$K$12 -> xx% | L55: =I55+J55 -> #VALUE!
A56: .2 ELETRODUTO CORRUGADO FLEXIVEL C/ALMA DE COBRE 3/4" | B56: 3 | C56: M | E56: =D56*B56 -> 0 | G56: =F56*B56 -> 0 | H56: =+D56+F56 -> 0 | I56: =E56+G56 -> 0 | J56: =(K56/100)*I56 -> #VALUE! | K56: =$K$12 -> xx% | L56: =I56+J56 -> #VALUE!
A57: .3 ELETRODUTO PVC RIGIDO ROSCAVEL 3/4" (19MM) | B57: 12 | C57: M | E57: =D57*B57 -> 0 | G57: =F57*B57 -> 0 | H57: =+D57+F57 -> 0 | I57: =E57+G57 -> 0 | J57: =(K57/100)*I57 -> #VALUE! | K57: =$K$12 -> xx% | L57: =I57+J57 -> #VALUE!
A58: .4 CURVA 90 ELETRODUTO PVC RIGIDO ROSCAVEL 3/4"(19MM) | B58: 1 | C58: UN | E58: =D58*B58 -> 0 | G58: =F58*B58 -> 0 | H58: =+D58+F58 -> 0 | I58: =E58+G58 -> 0 | J58: =(K58/100)*I58 -> #VALUE! | K58: =$K$12 -> xx% | L58: =I58+J58 -> #VALUE!
A59: .5 ELETRODUTO AÇO GALVANIZADO MÉDIO 3/4" (19MM) | B59: 21 | C59: M | E59: =D59*B59 -> 0 | G59: =F59*B59 -> 0 | H59: =+D59+F59 -> 0 | I59: =E59+G59 -> 0 | J59: =(K59/100)*I59 -> #VALUE! | K59: =$K$12 -> xx% | L59: =I59+J59 -> #VALUE!
A60: .6 CURVA 90 ELETRODUTO GALVANIZADO MÉDIO 3/4" (19MM) | B60: 4 | C60: UN | E60: =D60*B60 -> 0 | G60: =F60*B60 -> 0 | H60: =+D60+F60 -> 0 | I60: =E60+G60 -> 0 | J60: =(K60/100)*I60 -> #VALUE! | K60: =$K$12 -> xx% | L60: =I60+J60 -> #VALUE!
A61: .7 BOX MACHO GIRATÓRIO 3/4" | B61: 6 | C61: UN | E61: =D61*B61 -> 0 | G61: =F61*B61 -> 0 | H61: =+D61+F61 -> 0 | I61: =E61+G61 -> 0 | J61: =(K61/100)*I61 -> #VALUE! | K61: =$K$12 -> xx% | L61: =I61+J61 -> #VALUE!
A62: .8 ABRA€ADEIRA "D" TIPO CHAVETA 3/4" | B62: 40 | C62: UN | E62: =D62*B62 -> 0 | G62: =F62*B62 -> 0 | H62: =+D62+F62 -> 0 | I62: =E62+G62 -> 0 | J62: =(K62/100)*I62 -> #VALUE! | K62: =$K$12 -> xx% | L62: =I62+J62 -> #VALUE!
A63: .9 BUCHA ALUMÍNIO SILÍCIO P/ELETRODUTO 3/4" | B63: 4 | C63: UN | E63: =D63*B63 -> 0 | G63: =F63*B63 -> 0 | H63: =+D63+F63 -> 0 | I63: =E63+G63 -> 0 | J63: =(K63/100)*I63 -> #VALUE! | K63: =$K$12 -> xx% | L63: =I63+J63 -> #VALUE!
A64: .10 ARRUELA ALUMÍNIO SILÍCIO P/ELETRODUTO 3/4" | B64: 4 | C64: UN | E64: =D64*B64 -> 0 | G64: =F64*B64 -> 0 | H64: =+D64+F64 -> 0 | I64: =E64+G64 -> 0 | J64: =(K64/100)*I64 -> #VALUE! | K64: =$K$12 -> xx% | L64: =I64+J64 -> #VALUE!
A65: .11 FIXADOR P/ ELETRODUTO CORRUGADO 3/4" | B65: 15 | C65: UN | E65: =D65*B65 -> 0 | G65: =F65*B65 -> 0 | H65: =+D65+F65 -> 0 | I65: =E65+G65 -> 0 | J65: =(K65/100)*I65 -> #VALUE! | K65: =$K$12 -> xx% | L65: =I65+J65 -> #VALUE!
A66: 10. 1. 5. QUADROS DE CARGA
A67: .1 CENTRO DE DISTRIBUIÇAO P/34 ELEM.C/BAR.(SOBREPOR) | B67: 1 | C67: UN | E67: =D67*B67 -> 0 | G67: =F67*B67 -> 0 | H67: =+D67+F67 -> 0 | I67: =E67+G67 -> 0 | J67: =(K67/100)*I67 -> #VALUE! | K67: =$K$12 -> xx% | L67: =I67+J67 -> #VALUE!
A68: 10. 1. 6. DISJUNTORES
A69: .1 DISJUNTOR DIN MONOPOLAR 6A | B69: 26 | C69: UN | E69: =D69*B69 -> 0 | G69: =F69*B69 -> 0 | H69: =+D69+F69 -> 0 | I69: =E69+G69 -> 0 | J69: =(K69/100)*I69 -> #VALUE! | K69: =$K$12 -> xx% | L69: =I69+J69 -> #VALUE!
A70: .2 DISJUNTOR DIN MONOPOLAR 20A | B70: 4 | C70: UN | E70: =D70*B70 -> 0 | G70: =F70*B70 -> 0 | H70: =+D70+F70 -> 0 | I70: =E70+G70 -> 0 | J70: =(K70/100)*I70 -> #VALUE! | K70: =$K$12 -> xx% | L70: =I70+J70 -> #VALUE!
A71: .3 DISJUNTOR DIN TRIPOLAR 20A | B71: 2 | C71: UN | E71: =D71*B71 -> 0 | G71: =F71*B71 -> 0 | H71: =+D71+F71 -> 0 | I71: =E71+G71 -> 0 | J71: =(K71/100)*I71 -> #VALUE! | K71: =$K$12 -> xx% | L71: =I71+J71 -> #VALUE!
A72: 10. 1. 7. CAIXAS DE PASSAGEM
A73: .1 CAIXA PVC 4X4" (102X102MM) P/ GESSO | B73: 2 | C73: UN | E73: =D73*B73 -> 0 | G73: =F73*B73 -> 0 | H73: =+D73+F73 -> 0 | I73: =E73+G73 -> 0 | J73: =(K73/100)*I73 -> #VALUE! | K73: =$K$12 -> xx% | L73: =I73+J73 -> #VALUE!
A74: .2 CAIXA CONDULETE 20MM C/TOMADA 2P+T-10A | B74: 25 | C74: UN | E74: =D74*B74 -> 0 | G74: =F74*B74 -> 0 | H74: =+D74+F74 -> 0 | I74: =E74+G74 -> 0 | J74: =(K74/100)*I74 -> #VALUE! | K74: =$K$12 -> xx% | L74: =I74+J74 -> #VALUE!
A75: 10. 1. 9. ELETROCALHA E ACESSORIOS
A76: .1 ELETROCALHA LISA, ZINCADA 100X50MM | B76: 9 | C76: M | E76: =D76*B76 -> 0 | G76: =F76*B76 -> 0 | H76: =+D76+F76 -> 0 | I76: =E76+G76 -> 0 | J76: =(K76/100)*I76 -> #VALUE! | K76: =$K$12 -> xx% | L76: =I76+J76 -> #VALUE!
A77: .2 TE ELETROCALHA LISA HORIZONTAL 100X50MM | B77: 1 | C77: UN | E77: =D77*B77 -> 0 | G77: =F77*B77 -> 0 | H77: =+D77+F77 -> 0 | I77: =E77+G77 -> 0 | J77: =(K77/100)*I77 -> #VALUE! | K77: =$K$12 -> xx% | L77: =I77+J77 -> #VALUE!
A78: .3 CURVA ELETROCALHA LISA VERTICAL EXT. 90 -100X50MM | B78: 1 | C78: UN | E78: =D78*B78 -> 0 | G78: =F78*B78 -> 0 | H78: =+D78+F78 -> 0 | I78: =E78+G78 -> 0 | J78: =(K78/100)*I78 -> #VALUE! | K78: =$K$12 -> xx% | L78: =I78+J78 -> #VALUE!
A79: .4 JUNÇÃO INTERNA ELETROCALHA LISA 100X50MM | B79: 1 | C79: UN | E79: =D79*B79 -> 0 | G79: =F79*B79 -> 0 | H79: =+D79+F79 -> 0 | I79: =E79+G79 -> 0 | J79: =(K79/100)*I79 -> #VALUE! | K79: =$K$12 -> xx% | L79: =I79+J79 -> #VALUE!
A80: .5 SUPORTE DE SUSPENSÃO SIMPLES TIPO "B" 100X50MM | B80: 8 | C80: UN | E80: =D80*B80 -> 0 | G80: =F80*B80 -> 0 | H80: =+D80+F80 -> 0 | I80: =E80+G80 -> 0 | J80: =(K80/100)*I80 -> #VALUE! | K80: =$K$12 -> xx% | L80: =I80+J80 -> #VALUE!
A81: .6 VERGALHÃO ROSCÁVEL TOTAL 3/8", BARRA C/ 6M | B81: 3 | C81: UN | E81: =D81*B81 -> 0 | G81: =F81*B81 -> 0 | H81: =+D81+F81 -> 0 | I81: =E81+G81 -> 0 | J81: =(K81/100)*I81 -> #VALUE! | K81: =$K$12 -> xx% | L81: =I81+J81 -> #VALUE!
A82: .7 CANTONEIRA ZZ, 38X38MM | B82: 8 | C82: UN | E82: =D82*B82 -> 0 | G82: =F82*B82 -> 0 | H82: =+D82+F82 -> 0 | I82: =E82+G82 -> 0 | J82: =(K82/100)*I82 -> #VALUE! | K82: =$K$12 -> xx% | L82: =I82+J82 -> #VALUE!
A83: .8 BUCHA DE NYLON S-8 | B83: 49 | C83: UN | E83: =D83*B83 -> 0 | G83: =F83*B83 -> 0 | H83: =+D83+F83 -> 0 | I83: =E83+G83 -> 0 | J83: =(K83/100)*I83 -> #VALUE! | K83: =$K$12 -> xx% | L83: =I83+J83 -> #VALUE!
A84: .9 PARAFUSO P/ BUCHA S-8 | B84: 35 | C84: UN | E84: =D84*B84 -> 0 | G84: =F84*B84 -> 0 | H84: =+D84+F84 -> 0 | I84: =E84+G84 -> 0 | J84: =(K84/100)*I84 -> #VALUE! | K84: =$K$12 -> xx% | L84: =I84+J84 -> #VALUE!
A85: .10 PARAFUSO CABEÇA LENTILHA 3/8"x3/4" | B85: 50 | C85: UN | E85: =D85*B85 -> 0 | G85: =F85*B85 -> 0 | H85: =+D85+F85 -> 0 | I85: =E85+G85 -> 0 | J85: =(K85/100)*I85 -> #VALUE! | K85: =$K$12 -> xx% | L85: =I85+J85 -> #VALUE!
A86: .11 PORCA SEXTAVADA 3/8" | B86: 78 | C86: UN | E86: =D86*B86 -> 0 | G86: =F86*B86 -> 0 | H86: =+D86+F86 -> 0 | I86: =E86+G86 -> 0 | J86: =(K86/100)*I86 -> #VALUE! | K86: =$K$12 -> xx% | L86: =I86+J86 -> #VALUE!
A87: .12 ARRUELA LISA 3/8" | B87: 50 | C87: UN | E87: =D87*B87 -> 0 | G87: =F87*B87 -> 0 | H87: =+D87+F87 -> 0 | I87: =E87+G87 -> 0 | J87: =(K87/100)*I87 -> #VALUE! | K87: =$K$12 -> xx% | L87: =I87+J87 -> #VALUE!
A88: .13 ARRUELA DE PRESSÃO 3/8" | B88: 50 | C88: UN | E88: =D88*B88 -> 0 | G88: =F88*B88 -> 0 | H88: =+D88+F88 -> 0 | I88: =E88+G88 -> 0 | J88: =(K88/100)*I88 -> #VALUE! | K88: =$K$12 -> xx% | L88: =I88+J88 -> #VALUE!
A89: 11. INSTALAÇÕES LÓGICA/TELEFÔNICA | M89: =SUM(L90:L104) -> #VALUE!
A90: 11. 2. INSTALAÇÕES DE INFORMÁTICA
A91: 11. 2. 1. TOMADAS E CAIXAS
A92: .1 MODULO TOMADA RJ - 45 | B92: 4 | C92: PÇ | E92: =D92*B92 -> 0 | G92: =F92*B92 -> 0 | H92: =+D92+F92 -> 0 | I92: =E92+G92 -> 0 | J92: =(K92/100)*I92 -> #VALUE! | K92: =$K$12 -> xx% | L92: =I92+J92 -> #VALUE!
A93: .2 CONECTOR MACHO RJ-45 CAT6 | B93: 4 | C93: UN | E93: =D93*B93 -> 0 | G93: =F93*B93 -> 0 | H93: =+D93+F93 -> 0 | I93: =E93+G93 -> 0 | J93: =(K93/100)*I93 -> #VALUE! | K93: =$K$12 -> xx% | L93: =I93+J93 -> #VALUE!
A94: .3 TAMPA 4X4" C/ 4 MODULO | B94: 5 | C94: UN | E94: =D94*B94 -> 0 | G94: =F94*B94 -> 0 | H94: =+D94+F94 -> 0 | I94: =E94+G94 -> 0 | J94: =(K94/100)*I94 -> #VALUE! | K94: =$K$12 -> xx% | L94: =I94+J94 -> #VALUE!
A95: .4 CAIXA P/ GESSO CART. 4X4" | B95: 7 | C95: UN | E95: =D95*B95 -> 0 | G95: =F95*B95 -> 0 | H95: =+D95+F95 -> 0 | I95: =E95+G95 -> 0 | J95: =(K95/100)*I95 -> #VALUE! | K95: =$K$12 -> xx% | L95: =I95+J95 -> #VALUE!
A96: 11. 2. 2. CABOS E ACESSORIOS
A97: .1 CABO UTP CAT. 6E | B97: 35 | C97: M | E97: =D97*B97 -> 0 | G97: =F97*B97 -> 0 | H97: =+D97+F97 -> 0 | I97: =E97+G97 -> 0 | J97: =(K97/100)*I97 -> #VALUE! | K97: =$K$12 -> xx% | L97: =I97+J97 -> #VALUE!
A98: 11. 2. 3. ELETRODUTOS E ACESSORIOS
A99: .1 ELETRODUTO CORRUGADO 1" | B99: 10 | C99: M | E99: =D99*B99 -> 0 | G99: =F99*B99 -> 0 | H99: =+D99+F99 -> 0 | I99: =E99+G99 -> 0 | J99: =(K99/100)*I99 -> #VALUE! | K99: =$K$12 -> xx% | L99: =I99+J99 -> #VALUE!
A100: .2 ELETRODUTO CORRUGADO FLEXIVEL C/ALMA DE COBRE 1" | B100: 7 | C100: M | E100: =D100*B100 -> 0 | G100: =F100*B100 -> 0 | H100: =+D100+F100 -> 0 | I100: =E100+G100 -> 0 | J100: =(K100/100)*I100 -> #VALUE! | K100: =$K$12 -> xx% | L100: =I100+J100 -> #VALUE!
A101: .3 BOX MACHO GIRATÓRIO 1" | B101: 6 | C101: UN | E101: =D101*B101 -> 0 | G101: =F101*B101 -> 0 | H101: =+D101+F101 -> 0 | I101: =E101+G101 -> 0 | J101: =(K101/100)*I101 -> #VALUE! | K101: =$K$12 -> xx% | L101: =I101+J101 -> #VALUE!
A102: .4 FIXADOR P/ ELETRODUTO CORRUGADO 1" | B102: 7 | C102: UN | E102: =D102*B102 -> 0 | G102: =F102*B102 -> 0 | H102: =+D102+F102 -> 0 | I102: =E102+G102 -> 0 | J102: =(K102/100)*I102 -> #VALUE! | K102: =$K$12 -> xx% | L102: =I102+J102 -> #VALUE!
A103: 11. 2. 5. ELETROCALHAS E ACESSORIOS
A104: .1 SAIDA HORIZONTAL P/ELETROCALHA 1" INCL. PARAF. | B104: 3 | C104: PÇ | E104: =D104*B104 -> 0 | G104: =F104*B104 -> 0 | H104: =+D104+F104 -> 0 | I104: =E104+G104 -> 0 | J104: =(K104/100)*I104 -> #VALUE! | K104: =$K$12 -> xx% | L104: =I104+J104 -> #VALUE!
A105: 14. INSTALAÇÕES DE COMBATE À INCÊNDIO | M105: =SUM(L106:L114) -> #VALUE!
A106: 14. 2. ILUMINAÇÃO DE EMERGÊNCIA
...

Sheet Cronograma Estúdio de Gravações
A1: INCLUIR LOGOTIPO DA EMPRESA
A6: DADOS DA EMPRESA
A7: DADOS DA EMPRESA
A8: DADOS DA EMPRESA
A9: CRONOGRAMA FÍSICO-FINANCEIRO
A10: Obra: Estúdio de Gravações da Reitoria – Reformas e Adaptações | D10: Endereço: Rua Gonçalves Chaves, 3218
A11: Cliente: Instituto Federal Sul-Rio-Grandense - Reitoria | D11: Cidade: Pelotas - RS
A13: ITEM | B13: 25 dias | D13: 50 dias | F13: 75 dias | H13: TOTAL
B14: VALOR | C14: % | D14: VALOR | E14: % | F14: VALOR | G14: % | H14: VALOR | I14: %
A15: 2. SERVIÇOS PRELIMINARES / TÉCNICOS | B15: =C15*$H15 -> #VALUE! | C15: 1 | D15: =E15*$H15 -> #VALUE! | E15: 0 | F15: =G15*$H15 -> #VALUE! | H15: ='Orçamento Estúdio de Gravações'!M16 -> #VALUE! | I15: =C15+E15+G15 -> 1
A16: 6. SUPERESTRUTURA | B16: =C16*$H16 -> #VALUE! | C16: 1 | D16: =E16*$H16 -> #VALUE! | F16: =G16*$H16 -> #VALUE! | H16: ='Orçamento Estúdio de Gravações'!M28 -> #VALUE! | I16: =C16+E16+G16 -> 1
A17: 7. ALVENARIA / VEDAÇÃO / DIVISÓRIA | B17: =C17*$H17 -> #VALUE! | C17: 0.5 | D17: =E17*$H17 -> #VALUE! | E17: 0.5 | H17: ='Orçamento Estúdio de Gravações'!M32 -> #VALUE! | I17: =C17+E17+G17 -> 1
A18: 8. ESQUADRIAS | D18: =E18*$H18 -> #VALUE! | E18: 1 | H18: ='Orçamento Estúdio de Gravações'!M37 -> #VALUE! | I18: =C18+E18+G18 -> 1
A19: 10. INSTALAÇÕES ELÉTRICAS | B19: =C19*$H19 -> #VALUE! | C19: 0.3 | D19: =E19*$H19 -> #VALUE! | E19: 0.3 | F19: =G19*$H19 -> #VALUE! | G19: 0.4 | H19: ='Orçamento Estúdio de Gravações'!M43 -> #VALUE! | I19: =C19+E19+G19 -> 1
A20: 11. INSTALAÇÕES LÓGICA/TELEFÔNICA | B20: =C20*$H20 -> #VALUE! | C20: 0 | D20: =E20*$H20 -> #VALUE! | E20: 1 | F20: =G20*$H20 -> #VALUE! | G20: 0 | H20: ='Orçamento Estúdio de Gravações'!M89 -> #VALUE! | I20: =C20+E20+G20 -> 1
A21: 14. INSTALAÇÕES DE COMBATE À INCÊNDIO | F21: =G21*$H21 -> #VALUE! | G21: 1 | H21: ='Orçamento Estúdio de Gravações'!M105 -> #VALUE! | I21: =C21+E21+G21 -> 1
A22: 15. REVESTIMENTOS | D22: =E22*$H22 -> #VALUE! | E22: 1 | H22: ='Orçamento Estúdio de Gravações'!M115 -> #VALUE! | I22: =C22+E22+G22 -> 1
A23: 16. VIDROS | D23: =E23*$H23 -> #VALUE! | F23: =G23*$H23 -> #VALUE! | G23: 1 | H23: ='Orçamento Estúdio de Gravações'!M123 -> #VALUE! | I23: =C23+E23+G23 -> 1
A24: 17. PINTURA | B24: =C24*$H24 -> #VALUE! | D24: =E24*$H24 -> #VALUE! | E24: 0 | F24: =G24*$H24 -> #VALUE! | G24: 1 | H24: ='Orçamento Estúdio de Gravações'!M126 -> #VALUE! | I24: =C24+E24+G24 -> 1
A25: 18. SERVIÇOS COMPLEMENTARES | B25: =C25*$H25 -> #VALUE! | D25: =E25*$H25 -> #VALUE! | F25: =G25*$H25 -> #VALUE! | G25: 1 | H25: ='Orçamento Estúdio de Gravações'!M136 -> #VALUE! | I25: =C25+E25+G25 -> 1
A26: 20. EQUIPAMENTOS | B26: =C26*$H26 -> #VALUE! | C26: 0.2 | D26: =E26*$H26 -> #VALUE! | E26: 0.3 | F26: =G26*$H26 -> #VALUE! | G26: 0.5 | H26: ='Orçamento Estúdio de Gravações'!M139 -> #VALUE! | I26: =C26+E26+G26 -> 1
A27: 21. GERENCIAMENTO DE OBRAS / FISCALIZAÇÃO | B27: =C27*$H27 -> #VALUE! | C27: 0.3333333 | D27: =E27*$H27 -> #VALUE! | E27: 0.3333333 | F27: =G27*$H27 -> #VALUE! | G27: 0.3333333 | H27: ='Orçamento Estúdio de Gravações'!M152 -> #VALUE! | I27: =C27+E27+G27 -> 0.9999999
A28: 22. FORRO | B28: =C28*$H28 -> #VALUE! | C28: 0 | D28: =E28*$H28 -> #VALUE! | E28: 0 | F28: =G28*$H28 -> #VALUE! | G28: 1 | H28: ='Orçamento Estúdio de Gravações'!M156 -> #VALUE! | I28: =C28+E28+G28 -> 1
A29: 23. AR CONDICIONADO | F29: =G29*$H29 -> #VALUE! | G29: 1 | H29: ='Orçamento Estúdio de Gravações'!M161 -> #VALUE! | I29: =C29+E29+G29 -> 1
A30: 24. PISO | B30: =C30*$H30 -> #VALUE! | C30: 0 | D30: =E30*$H30 -> #VALUE! | E30: 0 | F30: =G30*$H30 -> #VALUE! | G30: 1 | H30: ='Orçamento Estúdio de Gravações'!M168 -> #VALUE! | I30: =C30+E30+G30 -> 1
A31: Total da Etapa | B31: =SUM(B15:B30) -> #VALUE! | C31: =B31/$H$31 -> #VALUE! | D31: =SUM(D15:D30) -> #VALUE! | E31: =D31/$H$31 -> #VALUE! | F31: =SUM(F15:F30) -> #VALUE! | G31: =F31/$H$31 -> #VALUE! | H31: ='Orçamento Estúdio de Gravações'!M171 -> #VALUE! | I31: =C31+E31+G31 -> #VALUE!
A32: Total Acumulado | B32: =B31 -> #VALUE! | C32: =C31 -> #VALUE! | D32: =B32+D31 -> #VALUE! | E32: =C32+E31 -> #VALUE! | F32: =D32+F31 -> #VALUE! | G32: =E32+G31 -> #VALUE! | H32: =SUM(H15:H30) -> #VALUE!
F34: Local e Data
F37: Nome do Profissional Responsável
F38: Especificação do Cargo/função
F39: N° do CREA ou CAU
